[Event "Late-Titled-Tuesday-Blitz-October-10-2023"]
[Site "Chess.com"]
[Date "2023.10.10"]
[Round "2"]
[White "filipluczak05"]
[Black "iturrizaga"]
[Result "0-1"]
[WhiteElo "2607"]
[BlackElo "2995"]
[TimeControl "180+1"]
[EndTime "14:13:05 PDT"]
[Termination "iturrizaga won by checkmate"]

1. d4 Nf6 2. Nc3 d5 3. Bf4 e6 4. e3 a6 5. g4 c5 6. g5 Nfd7 7. Nf3 Nc6 8. Qd2 h6 9. gxh6 g6 10. O-O-O b5 11. dxc5 b4 12. Na4 Qa5 13. b3 Nxc5 14.
Nxc5 Qxa2 15. Be5 Nxe5 16. Qd4 Nxf3 17. Qxh8 e5 18. c4 bxc3 19. Nd3 c2 20. Be2 Qb1# 0-1

[Event "Late-Titled-Tuesday-Blitz-October-10-2023"]
[Site "Chess.com"]
[Date "2023.10.10"]
[Round "2"]
[White "Gentlejimmy7"]
[Black "CraiggoryC"]
[Result "1-0"]
[WhiteElo "2500"]
[BlackElo "2243"]
[TimeControl "180+1"]
[EndTime "14:13:14 PDT"]
[Termination "Gentlejimmy7 won by resignation"]

1. c4 e6 2. Nf3 Nf6 3. g3 d5 4. Bg2 Be7 5. O-O O-O 6. b3 d4 7. e3 Nc6 8. Bb2 e5 9. exd4 exd4 10. d3 a5 11. Nbd2 a4 12. bxa4 Bf5 13. Nb3 Nb4 14.
Nfxd4 Bxd3 15. Re1 Bxc4 16. Bxb7 Rxa4 17. Nf5 Bc5 18. Nxc5 1-0

[Event "Late-Titled-Tuesday-Blitz-October-10-2023"]
[Site "Chess.com"]
[Date "2023.10.10"]
[Round "2"]
[White "szachmistrz2500"]
[Black "AsadliVugar"]
[Result "0-1"]
[WhiteElo "2405"]
[BlackElo "2859"]
[TimeControl "180+1"]
[EndTime "14:13:34 PDT"]
[Termination "AsadliVugar won by resignation"]

1. Nf3 g6 2. g3 Bg7 3. Bg2 e5 4. d3 Ne7 5. e4 O-O 6. O-O d5 7. c3 h6 8. Re1 dxe4 9. dxe4 Qxd1 10. Rxd1 a5 11. a4 Na6 12. Be3 f5 13. exf5 Nxf5 14. Bd2 Nc5 15. Na3 e4 16. Ne1 Nxa4 17. Nc4 Nc5 18.
Rxa5 Rxa5 19. Nxa5 b6 20. Nc6 Bb7 21. Nb4 Rd8 22. Bh3 Nb3 0-1

[Event "Late-Titled-Tuesday-Blitz-October-10-2023"]
[Site "Chess.com"]
[Date "2023.10.10"]
[Round "2"]
[White "albi1999"]
[Black "Jospem"]
[Result "0-1"]
[WhiteElo "2655"]
[BlackElo "3110"]
[TimeControl "180+1"]
[EndTime "14:13:42 PDT"]
[Termination "Jospem won by resignation"]

1. Nf3 c5 2. b3 d5 3. Bb2 a6 4.
e3 Nf6 5. c4 dxc4 6. Bxc4 e6 7.
O-O Nbd7 8. d4 Be7 9. Nbd2 O-O 10. Rc1 b5 11. Be2 Bb7 12. Qc2 Rc8 13. Qb1 h6 14.
Rfd1 Qb6 15. dxc5 Bxc5 16. Qa1 Rfd8 17. Bd4 Bxd4 18. Nxd4 Nc5 19. N2f3 b4 20. Ne5 Nfe4 21. Nc4 Qc7 22. Bf3 Nc3 23. Bxb7 Qxb7 24. Re1 Nd3 25. a3 Nxc1 26. Rxc1 Rxd4 27. exd4 Ne2+ 28. Kf1 Nxc1 29. Qxc1 Qe4 0-1

[Event "Late-Titled-Tuesday-Blitz-October-10-2023"]
[Site "Chess.com"]
[Date "2023.10.10"]
[Round "2"]
[White "angryspacevoid"]
[Black "sofaceindisguise"]
[Result "1-0"]
[WhiteElo "2546"]
[BlackElo "2753"]
[TimeControl "180+1"]
[EndTime "14:13:43 PDT"]
[Termination "angryspacevoid won by resignation"]

1. e4 c5 2. c3 Qa5 3. Na3 g6 4. d4 cxd4 5. Qxd4 Nf6 6. Nc4 Qc7 7. e5 Nc6 8. Qf4 Nh5 9. Qe4 b5 10. Nd6+ Kd8 11. Nxf7+ Ke8 12. Nxh8 Qxe5 13. Qxe5 Nxe5 14. Bxb5 Bg7 15. Nxg6 hxg6 16. Nf3 Nxf3+ 17. gxf3 Rb8 18. Bd3 Kf7 19. Rg1 Rb6 20. Be3 Rd6 21. O-O-O Ba6 22. Bxa6 Rxa6 23. Rxd7 1-0

[Event "Late-Titled-Tuesday-Blitz-October-10-2023"]
[Site "Chess.com"]
[Date "2023.10.10"]
[Round "2"]
[White "GMKrikor"]
[Black "rochaaaaaaaaaa"]
[Result "1-0"]
[WhiteElo "2789"]
[BlackElo "2396"]
[TimeControl "180+1"]
[EndTime "14:13:43 PDT"]
[Termination "GMKrikor won by resignation"]

1. Nf3 d5 2. c4 d4 3. b4 g5 4. h3 h6 5. g3 Bg7 6. d3 e5 7. Bg2 Ne7 8. O-O O-O 9. a4 a5 10. b5 Nd7 11. Ba3 f5 12. Nbd2 Rf7 13. Nb3 Ng6 14. Rc1 h5 15. e3 g4 16. Nh2 Nf6 17.
exd4 exd4 18. Re1 f4 19. Nc5 f3 20. Bf1 b6 21. Ne6 Bxe6 22. Rxe6 Qd7 23. Qe1 Re8 24. Rxe8+ Nxe8 25. hxg4 hxg4 26. Nxg4 1-0

[Event "Late-Titled-Tuesday-Blitz-October-10-2023"]
[Site "Chess.com"]
[Date "2023.10.10"]
[Round "2"]
[White "SpeedofLight0"]
[Black "Skatchkov_V"]
[Result "1-0"]
[WhiteElo "3021"]
[BlackElo "2618"]
[TimeControl "180+1"]
[EndTime "14:13:46 PDT"]
[Termination "SpeedofLight0 won by resignation"]

1. d4 Nf6 2. Nf3 d5 3. c4 e6 4. Nc3 Ne4 5. Bd2 Nxd2 6. Qxd2 Be7 7. e3 O-O 8. Bd3 Nd7 9. cxd5 exd5 10. Nxd5 Bd6 11.
Nc3 c5 12. O-O cxd4 13. exd4 Nf6 14. h3 Be6 15. Rfe1 Qa5 16. Ne4 Qxd2 17. Nxf6+ gxf6 18. Nxd2 Bb4 19. Re2 Rfd8 20. Nf3 Rac8 21. Be4 Rd7 22. d5 Bxd5 23. Bf5 Be6 24. Rxe6 1-0

[Event "Late-Titled-Tuesday-Blitz-October-10-2023"]
[Site "Chess.com"]
[Date "2023.10.10"]
[Round "2"]
[White "Horokoskii"]
[Black "Dontmesswithme_2"]
[Result "0-1"]
[WhiteElo "2093"]
[BlackElo "2423"]
[TimeControl "180+1"]
[EndTime "14:13:51 PDT"]
[Termination "Dontmesswithme_2 won by resignation"]

1. c4 c6 2. e4 d5 3. exd5 cxd5 4.
d4 Nf6 5. Nc3 Nc6 6. Nf3 e6 7. Bg5 Be7 8. Rc1 O-O 9. cxd5 Nxd5 10.
Bxe7 Ncxe7 11. Bd3 Nf4 12. Bb1 Nxg2+ 13. Kf1 Nf4 14.
Rg1 Neg6 15. Qd2 b6 16. Rg4 e5 17. Rg1 Ba6+ 18. Ke1 exd4 19. Nxd4 Qe7+ 20. Kd1 Rad8 21. Bxg6 fxg6 22. Kc2 Bd3+ 0-1

[Event "Late-Titled-Tuesday-Blitz-October-10-2023"]
[Site "Chess.com"]
[Date "2023.10.10"]
[Round "2"]
[White "TatjanaVasilevich"]
[Black "mishanick"]
[Result "0-1"]
[WhiteElo "2643"]
[BlackElo "3088"]
[TimeControl "180+1"]
[EndTime "14:13:57 PDT"]
[Termination "mishanick won by checkmate"]

1. Nf3 d5 2. b3 c5 3. Bb2 Nc6 4. g3 d4 5. Bg2 e5 6. O-O Bd6 7. d3 Nf6 8. e4 O-O 9. a4 Be6 10. Nfd2 Nd7 11. f4 exf4 12. gxf4 f6 13. Nc4 Bc7 14.
Nba3 a6 15. Qe2 Kh8 16. Rae1 Qe7 17. Qf3 Rae8 18. Kh1 g5 19. Bc1 gxf4 20. Bxf4 Nce5 21.
Qf2 Ng4 22. Qg3 Bxf4 23. Rxf4 Rg8 24. Qf3 Rg6 25. Bh3 Reg8 26. Bxg4 Bxg4 27. Qf2 Bh3 28. Re2 Qg7 29. Re1 Bg2+ 30. Kg1 Bf3+ 31. Kf1 Rg1+ 32. Qxg1 Qxg1# 0-1

[Event "Late-Titled-Tuesday-Blitz-October-10-2023"]
[Site "Chess.com"]
[Date "2023.10.10"]
[Round "2"]
[White "PNEPaul"]
[Black "Levanzovsky"]
[Result "0-1"]
[WhiteElo "1991"]
[BlackElo "2418"]
[TimeControl "180+1"]
[EndTime "14:13:58 PDT"]
[Termination "Levanzovsky won by resignation"]

1. e4 e5 2. Nf3 Nc6 3. Bc4 Bc5 4. b4 Bxb4 5. c3 Bd6 6. d4 Nf6 7. Bg5 h6 8. Bh4 g5 9. Nxg5 hxg5 10. Bxg5 Be7 11.
h4 Nxe4 12. O-O Bxg5 13. Qf3 d5 0-1

[Event "Late-Titled-Tuesday-Blitz-October-10-2023"]
[Site "Chess.com"]
[Date "2023.10.10"]
[Round "2"]
[White "Djager97"]
[Black "Baku_Boulevard"]
[Result "0-1"]
[WhiteElo "2633"]
[BlackElo "3034"]
[TimeControl "180+1"]
[EndTime "14:14:02 PDT"]
[Termination "Baku_Boulevard won by resignation"]

1. e4 c5 2. Nc3 Nc6 3. Nge2 g6 4. g3 d6 5. Bg2 Bg7 6. O-O h5 7. d3 h4 8. f4 hxg3 9. hxg3 Bg4 10. Be3 Nf6 11. Qd2 Qd7 12. Nd1 Nh5 13. Bf2 Nd4 14. Nxd4 cxd4 15. c3 e5 16. cxd4 exf4 17. gxf4 Bh3 18.
Qe3 Bxg2 19. Kxg2 Qg4+ 20. Bg3 Bxd4 21. Qf3 Nxf4+ 22. Qxf4 Qh3+ 0-1

[Event "Late-Titled-Tuesday-Blitz-October-10-2023"]
[Site "Chess.com"]
[Date "2023.10.10"]
[Round "2"]
[White "Nick12772"]
[Black "temus_galaktionov"]
[Result "0-1"]
[WhiteElo "2406"]
[BlackElo "2879"]
[TimeControl "180+1"]
[EndTime "14:14:09 PDT"]
[Termination "temus_galaktionov won by resignation"]

1. Nf3 c6 2. g3 g6 3. Bg2 Bg7 4. O-O d6 5. c4 Nf6 6. Nc3 O-O 7. d3 Nbd7 8. Rb1 a5 9. a3 e5 10. b4 axb4 11. axb4 Re8 12. e4 h6 13. b5 c5 14. Ne1 Nf8 15. Nc2 Ne6 16. Ne3 Nd4 17. Ned5 Be6 18. Be3 Nxd5 19. Nxd5 Bxd5 20. exd5 Ra3 21. Bxd4 exd4 22. Rb3 Qa5 23. Qc2 h5 24. h4 Ra2 25. Rb2 Ra3 26. Rb3 Bh6 27. Be4 f5 28. Bf3 Qa4 29. Rfb1 Ra2 30. R1b2 Re1+ 31. Kg2 Raa1 32.
b6 Rh1 33. Be2 Rhc1 0-1

[Event "Late-Titled-Tuesday-Blitz-October-10-2023"]
[Site "Chess.com"]
[Date "2023.10.10"]
[Round "2"]
[White "greekplayer1"]
[Black "IPAchess"]
[Result "1-0"]
[WhiteElo "2672"]
[BlackElo "2374"]
[TimeControl "180+1"]
[EndTime "14:14:09 PDT"]
[Termination "greekplayer1 won by resignation"]

1. e4 e5 2. Nc3 Nf6 3. d4 exd4 4. Qxd4 Nc6 5. Qd3 Bc5 6. Bf4 d6 7. Qd2 Be6 8. f3 O-O 9. O-O-O Bb4 10. a3 Ba5 11. g4 Nd7 12. h4 a6 13. h5 b5 14. Nge2 b4 15. axb4 Bxb4 16. h6 g6 17. Nd4 Nde5 18. Bg5 Bxc3 19. bxc3 Qb8 20. Qf4 Nd7 21.
Nxc6 Qb6 22. Ne7+ 1-0

[Event "Late-Titled-Tuesday-Blitz-October-10-2023"]
[Site "Chess.com"]
[Date "2023.10.10"]
[Round "2"]
[White "pinguino120"]
[Black "DvaHrasta"]
[Result "0-1"]
[WhiteElo "2215"]
[BlackElo "2475"]
[TimeControl "180+1"]
[EndTime "14:14:11 PDT"]
[Termination "DvaHrasta won by resignation"]

1. e4 c6 2. d4 d5 3. e5 c5 4. c4 Nc6 5. Nf3 Bg4 6. cxd5 Bxf3 7. Qxf3 Nxd4 8. Qe4 f5 9. Qd3 Qxd5 10. Nc3 Qxe5+ 11.
Be3 O-O-O 12. f4 Qe6 0-1

[Event "Late-Titled-Tuesday-Blitz-October-10-2023"]
[Site "Chess.com"]
[Date "2023.10.10"]
[Round "2"]
[White "blueryder"]
[Black "Cheer_Down"]
[Result "0-1"]
[WhiteElo "2179"]
[BlackElo "2453"]
[TimeControl "180+1"]
[EndTime "14:14:15 PDT"]
[Termination "Cheer_Down won by resignation"]

1. e4 c5 2. Nc3 d6 3. f4 g6 4. Nf3 Bg7 5. Bb5+ Bd7 6. Bc4 Nc6 7. d3 e6 8. Bb3 Na5 9. O-O Nxb3 10. axb3 Ne7 11.
Qe1 O-O 12. Ne2 f5 13. c3 a5 14. e5 Nc6 15. d4 cxd4 16. Nexd4 dxe5 17. fxe5 h6 18.
Qg3 g5 19. h3 f4 20. Qg4 Nxe5 21. Nxe5 Bxe5 22. Nxe6 Qb6+ 23. Nd4 Bxg4 0-1

[Event "Late-Titled-Tuesday-Blitz-October-10-2023"]
[Site "Chess.com"]
[Date "2023.10.10"]
[Round "2"]
[White "Msb2"]
[Black "FontVella8"]
[Result "1-0"]
[WhiteElo "3046"]
[BlackElo "2634"]
[TimeControl "180+1"]
[EndTime "14:14:24 PDT"]
[Termination "Msb2 won by resignation"]

1. d4 d5 2. c4 e6 3. Nc3 Nf6 4.
cxd5 exd5 5. Bg5 c6 6. e3 h6 7. Bf4 Bf5 8. Nge2 Nbd7 9. Ng3 Bh7 10. h4 Bb4 11. Bd3 Bxd3 12. Qxd3 Nf8 13. a3 Ba5 14. Nf5 Ne6 15. Nd6+ Kf8 16. Be5 Bxc3+ 17. bxc3 Nd7 18. Nxb7 Nxe5 19. dxe5 Qc7 20. Nd6 Nc5 21. Qf5 g6 22. Qf6 Rh7 23. O-O Kg8 24. Rab1 Rd8 25. c4 Nd7 26. Qe7 Qa5 27. Nb7 1-0

[Event "Late-Titled-Tuesday-Blitz-October-10-2023"]
[Site "Chess.com"]
[Date "2023.10.10"]
[Round "2"]
[White "tolimachess"]
[Black "ElCoachRene"]
[Result "1-0"]
[WhiteElo "2453"]
[BlackElo "2171"]
[TimeControl "180+1"]
[EndTime "14:14:45 PDT"]
[Termination "tolimachess won by resignation"]

1. e4 Nc6 2. Nc3 Nf6 3. g3 e5 4. Bg2 Bb4 5. Nge2 O-O 6. O-O a6 7. d3 Be7 8. h3 d6 9. Be3 Ne8 10. f4 f5 11. exf5 Bxf5 12. g4 Bd7 13. f5 Bg5 14.
Qd2 Bxe3+ 15. Qxe3 Qh4 16. Qg3 Qxg3 17. Nxg3 Nd4 18. Rf2 Bc6 19. Nd5 Kf7 20. c3 Nb5 21. a4 Na7 22. Ne4 h6 23. Nd2 Rc8 24. b3 Kg8 25. c4 Kh7 26. a5 Bd7 27. Ne7 Rb8 28. Ng6 Rf7 29. Bd5 Rf6 30. Ne4 Rxg6 31. fxg6+ Kxg6 32. Bf7+ Kh7 33. Raf1 Nc6 34. g5 Bxh3 35. g6+ 1-0

[Event "Late-Titled-Tuesday-Blitz-October-10-2023"]
[Site "Chess.com"]
[Date "2023.10.10"]
[Round "2"]
[White "NowInChess"]
[Black "Mackster23"]
[Result "0-1"]
[WhiteElo "2220"]
[BlackElo "2685"]
[TimeControl "180+1"]
[EndTime "14:14:53 PDT"]
[Termination "Mackster23 won by checkmate"]

1. e4 c6 2. d4 d5 3. exd5 cxd5 4.
c4 Nf6 5. Nc3 Nc6 6. Bf4 e6 7.
c5 a6 8. Nf3 Be7 9. Bd3 O-O 10.
h3 b6 11. cxb6 Qxb6 12. Qd2 Ne4 13. Bxe4 dxe4 14. Nxe4 Rd8 15. Be3 Qb5 16. Nc3 Qf5 17.
O-O Bb7 18. d5 Nb4 19. Nd4 Qg6 20. dxe6 Qxg2# 0-1

[Event "Late-Titled-Tuesday-Blitz-October-10-2023"]
[Site "Chess.com"]
[Date "2023.10.10"]
[Round "2"]
[White "Mikhal867"]
[Black "GothamChess"]
[Result "0-1"]
[WhiteElo "2465"]
[BlackElo "2747"]
[TimeControl "180+1"]
[EndTime "14:14:54 PDT"]
[Termination "GothamChess won by resignation"]

1. d4 f5 2. Bg5 Nf6 3. Nc3 e6 4. e4 fxe4 5. Nxe4 Be7 6. Bxf6 Bxf6 7. c3 O-O 8. Bd3 Be7 9. Qh5 g6 10. Qh6 d5 11. Nc5 Bg5 12. Qh3 e5 13. Ne6 Qf6 14. Nxg5 Qxf2+ 15. Kd1 Bxh3 16. N1xh3 Qe3 17. Kc2 e4 18.
Bf1 Nc6 19. Bb5 Rf2+ 20. Nxf2 Qxf2+ 21. Kb3 Nxd4+ 22. cxd4 Qe3+ 23. Kc2 c6 24. Bf1 Qxg5 25. Re1 Rf8 26. Re2 Qf6 27. Rd2 e3 28. Rd3 Qf2+ 29. Kc3 Qe1+ 30. Kb3 e2 31. Bxe2 Qxh1 0-1

[Event "Late-Titled-Tuesday-Blitz-October-10-2023"]
[Site "Chess.com"]
[Date "2023.10.10"]
[Round "2"]
[White "Iball95"]
[Black "Defenstrator"]
[Result "1-0"]
[WhiteElo "2831"]
[BlackElo "2404"]
[TimeControl "180+1"]
[EndTime "14:14:55 PDT"]
[Termination "Iball95 won by resignation"]

1. e4 Nc6 2. Nc3 Nd4 3. Nf3 Nxf3+ 4. Qxf3 e5 5. Bc4 Nf6 6. O-O Be7 7. Qg3 O-O 8. Qxe5 Re8 9. d3 c6 10. Qg3 d5 11. exd5 cxd5 12. Bb3 Bf5 13. h3 Bg6 14. Qf3 Rc8 15. Bg5 d4 16. Bxf6 Bxf6 17. Nd5 Be5 18. Rfe1 Bb8 19. Nf4 Qd6 20. g3 Qd7 21. Nxg6 hxg6 22.
Kg2 a5 23. a4 b6 24. Bc4 Bd6 25. Bb5 Rxe1 26. Bxd7 1-0

[Event "Late-Titled-Tuesday-Blitz-October-10-2023"]
[Site "Chess.com"]
[Date "2023.10.10"]
[Round "2"]
[White "Krakozia"]
[Black "ellatambien"]
[Result "1-0"]
[WhiteElo "2993"]
[BlackElo "2605"]
[TimeControl "180+1"]
[EndTime "14:14:57 PDT"]
[Termination "Krakozia won by resignation"]

1. e4 e5 2. Nf3 Nc6 3. g3 Bc5 4. Bg2 d6 5. c3 Nf6 6. d3 h6 7.
O-O a5 8. a4 O-O 9. Re1 Ba7 10.
Na3 Ne7 11. Nc2 Ng6 12. Be3 c6 13. Bxa7 Rxa7 14. d4 Qb6 15. Ne3 Qxb2 16. Nc4 Qxc3 17. Nxd6 exd4 18. e5 Nd5 19. Nxd4 Nb4 20. Re3 Qc5 21.
Rc1 Qb6 22. Nxc8 Rxc8 23. e6 fxe6 24. Qg4 Nf8 25. Nxe6 Rc7 26. Nxf8 Kxf8 27. Qf5+ 1-0

[Event "Late-Titled-Tuesday-Blitz-October-10-2023"]
[Site "Chess.com"]
[Date "2023.10.10"]
[Round "2"]
[White "Kostukov_Alex"]
[Black "artin10862"]
[Result "0-1"]
[WhiteElo "2396"]
[BlackElo "2792"]
[TimeControl "180+1"]
[EndTime "14:15:01 PDT"]
[Termination "artin10862 won by resignation"]

1. g3 g6 2. Bg2 Bg7 3. c4 d6 4. Nf3 e5 5. O-O Nd7 6. Nc3 Ngf6 7. d4 O-O 8. h3 Re8 9. e4 c6 10. Be3 a6 11. Re1 b5 12. cxb5 cxb5 13. a3 Bb7 14.
Qc2 Rc8 15. Rad1 Nxe4 16. Qb3 Nxc3 17. bxc3 Bxf3 18. Bxf3 e4 19. Be2 Nb6 20. Rc1 d5 21. Bf4 Bf8 22. Ra1 Bd6 23. Bh6 e3 24. Bxe3 Rxe3 25.
fxe3 Qg5 26. Bg4 f5 27. Bf3 Qxg3+ 28. Bg2 Nc4 29. Re2 Re8 30. Rae1 Qh2+ 31. Kf1 Kg7 32. a4 Rxe3 33. axb5 Bg3 34. bxa6 Nd2+ 0-1

[Event "Late-Titled-Tuesday-Blitz-October-10-2023"]
[Site "Chess.com"]
[Date "2023.10.10"]
[Round "2"]
[White "Alex_Sahakyan2006"]
[Black "Qvalda"]
[Result "1-0"]
[WhiteElo "2721"]
[BlackElo "2384"]
[TimeControl "180+1"]
[EndTime "14:15:07 PDT"]
[Termination "Alex_Sahakyan2006 won by resignation"]

1. e4 e6 2. d4 d5 3. Bd3 dxe4 4. Bxe4 Nf6 5. Bf3 Bd6 6. Nc3 Nbd7 7. Nge2 e5 8. O-O O-O 9. Ng3 exd4 10. Qxd4 Ne5 11. Be2 Nc6 12. Qh4 Re8 13. Bg5 Be5 14. Bd3 h6 15. Bxh6 gxh6 16. Qxh6 Qd4 17. Nh5 Qg4 18.
Nxf6+ Bxf6 19. Bh7+ Kh8 20. Bg6+ Kg8 21. Qh7+ 1-0

[Event "Late-Titled-Tuesday-Blitz-October-10-2023"]
[Site "Chess.com"]
[Date "2023.10.10"]
[Round "2"]
[White "NotFischer"]
[Black "JG-17"]
[Result "1-0"]
[WhiteElo "2280"]
[BlackElo "2491"]
[TimeControl "180+1"]
[EndTime "14:15:14 PDT"]
[Termination "NotFischer won by resignation"]

1. e4 c5 2. Nf3 d6 3. d4 cxd4 4. Nxd4 Nf6 5. Nc3 g6 6. Bb5+ Bd7 7. Be3 Bg7 8. O-O O-O 9. h3 a6 10. Be2 b5 11. a4 b4 12. Nd5 Nxe4 13. Bf3 Nc5 14.
Nxe7+ Qxe7 15. Bxa8 Qh4 16. Nf3 Qe7 17. Re1 Ne6 18. Nd4 Qh4 19. Nf3 Qe7 20. Bg5 f6 21. Bd2 a5 22. Bd5 Kh8 23. Nd4 f5 24. Nxe6 Bxe6 25. Rxe6 Qc7 26. c3 Na6 27. Rc1 Nc5 28.
cxb4 axb4 29. Bxb4 Bxb2 30. Rc2 Bg7 31. Qe2 Nxe6 32. Rxc7 Nxc7 33. Bxd6 Nxd5 34. Bxf8 Bxf8 35. Qe5+ 1-0

[Event "Late-Titled-Tuesday-Blitz-October-10-2023"]
[Site "Chess.com"]
[Date "2023.10.10"]
[Round "2"]
[White "maurovargas01"]
[Black "SereneSalmon"]
[Result "0-1"]
[WhiteElo "1901"]
[BlackElo "2415"]
[TimeControl "180+1"]
[EndTime "14:15:15 PDT"]
[Termination "SereneSalmon won on time"]

1. e4 c5 2. f4 d5 3. e5 Nc6 4.
Nf3 d4 5. d3 e6 6. Nbd2 Nge7 7.
Ne4 Nd5 8. g3 b6 9. Bg2 Bb7 10.
O-O Be7 11. Qe1 h5 12. h3 Qd7 13. Kh2 g6 14. Bd2 Kf8 15. Neg5 Kg7 16. Kg1 Ndb4 17.
g4 hxg4 18. hxg4 Nxc2 19. f5 Nxe1 20. f6+ Kg8 0-1

[Event "Late-Titled-Tuesday-Blitz-October-10-2023"]
[Site "Chess.com"]
[Date "2023.10.10"]
[Round "2"]
[White "Flaccidmoves"]
[Black "C_K_G"]
[Result "1-0"]
[WhiteElo "2417"]
[BlackElo "1980"]
[TimeControl "180+1"]
[EndTime "14:15:18 PDT"]
[Termination "Flaccidmoves won by resignation"]

1. c4 e5 2. Nc3 Bc5 3. e3 Nc6 4. Nf3 a6 5. d4 exd4 6. exd4 Ba7 7. Be2 d6 8. O-O Nge7 9. h3 O-O 10. Bf4 Nf5 11. d5 Ncd4 12. Nxd4 Nxd4 13. Bd3 Qf6 14. Be3 Nf5 15. Bxa7 Rxa7 16. Qf3 Ra8 17. Rfe1 Bd7 18.
Re4 Qh6 19. Rae1 Nh4 20. Qe3 1-0

[Event "Late-Titled-Tuesday-Blitz-October-10-2023"]
[Site "Chess.com"]
[Date "2023.10.10"]
[Round "2"]
[White "Russian_berezka"]
[Black "DanielNaroditsky"]
[Result "0-1"]
[WhiteElo "2662"]
[BlackElo "3180"]
[TimeControl "180+1"]
[EndTime "14:15:24 PDT"]
[Termination "DanielNaroditsky won by resignation"]

1. d4 Nf6 2. Bf4 c5 3. e3 cxd4 4. exd4 Qb6 5. Nc3 a6 6. Rb1 d5 7. Nf3 Bg4 8. Be2 Nc6 9. Ne5 Bxe2 10. Nxe2 e6 11. O-O Be7 12. c3 O-O 13. Bg5 Qc7 14.
Bxf6 Bxf6 15. f4 Ne7 16. Ng3 g6 17. Qd3 Bg7 18. h3 b5 19. Ne2 Nc8 20. g4 Nd6 21. Ng3 f6 22. Nf3 Rae8 23. Rbe1 Nc4 24. b3 Nd6 25. f5 Nxf5 26. Nxf5 exf5 27. gxf5 Qg3+ 28.
Kh1 Qxh3+ 29. Kg1 gxf5 30. Ne5 Qh4 31. Nf3 Qg3+ 32. Kh1 Re4 33. Re3 Rfe8 34. Rfe1 Qh3+ 35. Kg1 Rg4+ 0-1

[Event "Late-Titled-Tuesday-Blitz-October-10-2023"]
[Site "Chess.com"]
[Date "2023.10.10"]
[Round "2"]
[White "GMJustin"]
[Black "Eliwood44"]
[Result "0-1"]
[WhiteElo "2164"]
[BlackElo "2452"]
[TimeControl "180+1"]
[EndTime "14:15:27 PDT"]
[Termination "Eliwood44 won on time"]

1. d4 Nf6 2. c4 e6 3. Nf3 b6 4. g3 Ba6 5. e3 d5 6. Nfd2 c5 7. Qa4+ Qd7 8. Qxd7+ Nbxd7 9. cxd5 Bxf1 10. dxe6 Bg2 11. exd7+ Kxd7 12. Rg1 Bb7 13. dxc5 Bxc5 14.
Nc3 Rhe8 15. Nc4 Ng4 16. h3 Nh2 17. Nd2 Rad8 18. b3 Kc8 19. Bb2 Nf3+ 20. Nxf3 Bxf3 21.
Rc1 Kb7 22. Nb5 a6 23. Nc3 Rd3 24. Rc2 Red8 0-1

[Event "Late-Titled-Tuesday-Blitz-October-10-2023"]
[Site "Chess.com"]
[Date "2023.10.10"]
[Round "2"]
[White "rezamahdavi2008"]
[Black "dcremisi"]
[Result "1-0"]
[WhiteElo "2870"]
[BlackElo "2556"]
[TimeControl "180+1"]
[EndTime "14:15:30 PDT"]
[Termination "rezamahdavi2008 won by resignation"]

1. e4 e6 2. d4 d5 3. e5 c5 4. c3 Nc6 5. Nf3 Qb6 6. a3 Nh6 7. b4 cxd4 8. cxd4 Nf5 9. Be3 f6 10. exf6 gxf6 11. Bd3 Nxe3 12. fxe3 Bd7 13. O-O Be7 14. Nc3 O-O 15. Nh4 f5 16. Qh5 Nxd4 17. Ng6 hxg6 18. Qxg6+ Kh8 19. Kh1 e5 20. Qh5+ Kg7 21.
Nxd5 Rh8 22. Qxh8+ Rxh8 23. Nxb6 axb6 24. exd4 e4 25.
Bc4 Bd6 26. h3 f4 27. Bd5 e3 28. Rac1 Ra8 29. Rc3 Re8 30. Bf3 Bb5 31. Rfc1 Be7 32. Rc7 Kf8 33. Rxb7 Bh4 34. Rcc7 e2 35. Rf7+ Kg8 36.
Rg7+ Kh8 37. Rh7+ Kg8 38. Bd5+ 1-0

[Event "Late-Titled-Tuesday-Blitz-October-10-2023"]
[Site "Chess.com"]
[Date "2023.10.10"]
[Round "2"]
[White "jcibarra"]
[Black "ValeriyGrinev"]
[Result "1-0"]
[WhiteElo "2908"]
[BlackElo "2584"]
[TimeControl "180+1"]
[EndTime "14:15:40 PDT"]
[Termination "jcibarra won by resignation"]

1. e4 c5 2. Nf3 e6 3. d4 cxd4 4. Nxd4 a6 5. c4 Nf6 6. Nc3 Qc7 7. a3 b6 8. Be3 Bb7 9. f3 d6 10. Rc1 Be7 11. Be2 Nbd7 12. O-O O-O 13. b4 Rac8 14.
Qd2 Rfe8 15. Rc2 h5 16. Nd1 Qb8 17. Nf2 d5 18. exd5 exd5 19. Nf5 Bf8 20. Bd4 g6 21.
Nh6+ Kg7 22. Qg5 Re5 23. Qc1 Re7 24. Nf5+ gxf5 25. Qg5+ Kh7 26. Qxf5+ Kg8 27. Bxf6 Nxf6 28. Qxf6 Qe5 29. Qxe5 Rxe5 30. Rd1 dxc4 31. Bxc4 Rxc4 32. Rxc4 Re3 33. Rc7 Ba8 34. Rc8 Bd5 35. Ng4 hxg4 36. Rxd5 gxf3 37. Rg5+ 1-0

[Event "Late-Titled-Tuesday-Blitz-October-10-2023"]
[Site "Chess.com"]
[Date "2023.10.10"]
[Round "2"]
[White "adricalderon8"]
[Black "Rodalquilar"]
[Result "0-1"]
[WhiteElo "2498"]
[BlackElo "2752"]
[TimeControl "180+1"]
[EndTime "14:15:45 PDT"]
[Termination "Rodalquilar won by checkmate"]

1. e4 d5 2. exd5 Qxd5 3. Nc3 Qa5 4. d4 Nf6 5. Nf3 Bf5 6. Bc4 e6 7. Ne5 Bb4 8. Bd2 Nbd7 9. Qe2 Nxe5 10. dxe5 Nd7 11. a3 Nb6 12. Bb3 a6 13. O-O-O Bxc3 14. Bxc3 Qb5 15. Qxb5+ axb5 16. Bb4 Be4 17. f3 Bd5 18. Bc5 Nc4 19. Rhe1 b6 20. Bf2 c5 21. Kb1 Kd7 22. a4 Rxa4 23. Bxa4 bxa4 24. b3 axb3 25. cxb3 Na5 26. b4 cxb4 27. Bxb6 Nc4 28. Bc5 Rc8 29.
Bd4 Na3+ 30. Kb2 Rc2+ 31. Ka1 Ra2# 0-1

[Event "Late-Titled-Tuesday-Blitz-October-10-2023"]
[Site "Chess.com"]
[Date "2023.10.10"]
[Round "2"]
[White "PawnEatingZombie"]
[Black "santosalberto1987"]
[Result "0-1"]
[WhiteElo "2194"]
[BlackElo "2456"]
[TimeControl "180+1"]
[EndTime "14:15:48 PDT"]
[Termination "santosalberto1987 won by resignation"]

1. e4 e6 2. d4 d5 3. e5 c5 4. c3 Qb6 5. Nf3 Nc6 6. Bd3 cxd4 7. O-O Bd7 8. Re1 Nge7 9. h4 Rc8 10. h5 h6 11. Nbd2 dxc3 12. bxc3 Nf5 13. Nb3 Be7 14.
Bxf5 exf5 15. Nbd4 Nxd4 16. Nxd4 Rxc3 17. e6 fxe6 18. Nxf5 exf5 19. Qe2 O-O 20. Bb2 Bf6 21. Bxc3 Bxc3 22. Rab1 Qf6 23. Rec1 Bc6 24. Qd3 d4 0-1

[Event "Late-Titled-Tuesday-Blitz-October-10-2023"]
[Site "Chess.com"]
[Date "2023.10.10"]
[Round "2"]
[White "vladoboch"]
[Black "Sacbutt"]
[Result "1-0"]
[WhiteElo "2458"]
[BlackElo "2197"]
[TimeControl "180+1"]
[EndTime "14:15:49 PDT"]
[Termination "vladoboch won by resignation"]

1. e4 c5 2. Nf3 d6 3. d4 cxd4 4. Nxd4 Nf6 5. Nc3 a6 6. Be3 e5 7. Nb3 Be6 8. f3 Nbd7 9. g4 b5 10. g5 Nh5 11. Qd2 Be7 12. O-O-O O-O 13. Ne2 Rc8 14.
Kb1 Nb6 15. Ng3 Nf4 16. h4 Nc4 17. Bxc4 bxc4 18. Nc1 c3 19. bxc3 Qa5 20. Bxf4 exf4 21. Nge2 Qa3 22. Nd4 Bc4 23. Nf5 Rfe8 24. Nxe7+ Rxe7 25. Qxd6 Bxa2+ 26. Nxa2 Rb7+ 27. Nb4 g6 28. h5 Qxc3 29.
Qd8+ 1-0